 Dungeon Crawl Stone Soup version 0.31-a0-986-g5e6e4ef867 (webtiles) character file.

Game seed: 9953116711887663546

21 Persephone the Changeling (level 2, 0/18 HPs)
             Began as an Octopode Shapeshifter on Nov 7, 2023.
             Slain by a gnoll
             ... wielding a +0 spear
              (5 damage)
             ... on level 2 of the Dungeon.
             The game lasted 00:01:03 (712 turns).

Persephone the Changeling (Octopode Shapeshifter)    Turns: 712, Time: 00:01:04

Health: 0/18       AC:  1    Str: 13    XL:     2   Next: 83%
Magic:  2/2        EV: 13    Int: 12    God:
Gold:   84         SH:  0    Dex: 11    Spells: 1/1 levels left

rFire   . .          .
                       - Unarmed
rCold   . . .        (no shield)
rNeg    . . .        (helmet currently unavailable)
rPois   .            (no amulet)
rElec   .            (no ring)
rCorr   .            (no ring)
SInv    .            (no ring)
Will    .....        (no ring)
Stlth   +++          (no ring)
HPRegen 0.23/turn    (no ring)
MPRegen 0.08/turn    (no ring)
                     (no ring)

%: no passive effects
@: beast-form
A: beast (slay +2), almost no armour, amphibious, 8 rings, camouflage 1,
gelatinous body 1, (nimble swimmer 1), tentacles
a: Begin Untransformation


You were on level 2 of the Dungeon.
You were a hulking beast.
You visited 1 branch of the dungeon, and saw 2 of its levels.

You collected 84 gold pieces.

Inventory:

Jewellery
 h - a ring of flight
Talismans
 b - a beast talisman
 c - a flux talisman
Scrolls
 d - 2 scrolls of identify {unknown}
 e - 2 scrolls of teleportation {unknown}
 f - a scroll of noise {unknown}
 g - a scroll of vulnerability {unknown}
 j - a scroll of enchant armour {unknown}
Potions
 a - a potion of lignification
 i - a potion of cancellation {unknown}


   Skills:
 - Level 1.0 Fighting
 - Level 2.0 Dodging
 + Level 1.8 Stealth
 - Level 3.0 Unarmed Combat
 * Level 3.5 Shapeshifting


You had one spell level left.
You didn't know any spells.
Your spell library was empty.

Dungeon Overview and Level Annotations

Branches:
Dungeon (2/15)

Altars:


Innate Abilities, Weirdness & Mutations

You are a hulking beast.
Your limbs bulge with bestial killing power. (Slay +2)
You cannot wear most types of armour.
You are amphibious.
You can wear up to eight rings at the same time.
Your skin changes colour to match your surroundings (Stealth+).
Your rubbery body absorbs attacks. (AC +1, EV +1)
((You are camouflaged when in or above water. (Stealth+)))
You have tentacles for arms and can constrict up to eight enemies at once.


Message History

Lua - moving closer to bat; Lua - done fight_enemy() Monster found; Killing and exploring; Evalutating dangerous sitituation Getting closest target; Target found Lua - initiating combat actions on bat || reach is 1 Lua - moving closer to bat; Lua - done fight_enemy() Monster found; Killing and exploring; Evalutating dangerous sitituation Getting closest target; Target found Lua - initiating combat actions on bat || reach is 1 Lua - moving closer to bat A hobgoblin and a gnoll come into view.
Lua - done fight_enemy()
The hobgoblin shouts!
The bat barely misses you.
You see here a staff of death.
Monster found x3; Killing and exploring; Evalutating dangerous sitituation Auto kill stopped - Too dangerous: Extremely Dangerous (0) Dangerous (1) Easy (2) Harmless (0)
You closely miss the bat. Your grab misses the bat.
The bat hits you but does no damage.
A gnoll comes into view. It is wielding a +0 spear.
The gnoll shouts!
The bat closely misses you.
The gnoll shouts!
You tentacle-slap the bat.
You kill the bat!
A gnoll comes into view. It is wielding a +0 flail.
The hobgoblin barely misses you.
You see here a bat corpse.
You tentacle-slap the hobgoblin.
You kill the hobgoblin!
The gnoll shouts!
A ball python comes into view.
The gnoll hits you with a +0 spear.
The ball python moves out of view.
You tentacle-slap the gnoll. Your grab misses the gnoll.
The gnoll is moderately wounded.
The gnoll hits you from afar with a +0 spear!
* * * LOW HITPOINT WARNING * * *
You bludgeon the gnoll! Your grab misses the gnoll.
The gnoll is almost dead.
The gnoll hits you with a +0 spear.
You die...

#....# #....#
#########....###########
............)'.........>
#....!......####.#.###.
#...........# #...###.
#....$††.|..# ###.....
#.........### ###.#...
######hg..# #.#...##
#....# #.#.###
#g...######...#
.g...+........#
......####...###
...##+#####.###
g...#....##..#
...#....)#.####
+..........#


You could see 3 gnolls.

Vanquished Creatures
  A ball python (D:1)
  3 bats
  2 endoplasms (D:1)
  3 giant cockroaches
  2 hobgoblins
  2 frilled lizards (D:1)
  A kobold (D:2)
  6 rats
20 creatures vanquished.

Notes
Turn   | Place    | Note
-------+----------+-------------------------------------------
     0 | D:1      | Persephone the Octopode Shapeshifter began the quest for
                  | the Orb.
     0 | D:1      | Reached XP level 1. HP: 13/13 MP: 1/1
   154 | D:1      | Reached skill level 1 in Stealth
   199 | D:1      | Reached XP level 2. HP: 18/18 MP: 2/2
   712 | D:2      | Slain by a gnoll

Illustrated notes

Levels and vault maps discovered:
D:1:      minmay_arrival_stone_box, layout_basic
D:2:      layout_basic

Skill      XL: |  1 |
---------------+----+-----
Stealth        | 1 |  1.8
Fighting       | |  1.0
Dodging        | |  2.0
Unarmed Combat | |  3.0
Shapeshifting  | |  3.5

Action                     || total
---------------------------++-------
  Melee: Unarmed           ||    31
         Constrict         ||     6
         Tentacles         ||     1
         Punch             ||     1
   Stab: Sleeping          ||     6
 Armour: Skin              ||     9
  Dodge: Dodged            ||    18

Table legend: (Time is in decaauts)
 A = Elapsed time spent in this place.
 B = Non-inter-level travel time spent in this place.
 C = Inter-level travel time spent in this place.
 D = Time resting spent in this place.
 E = Time spent auto-exploring this place.
 F = Levels seen in this place.
 G = Mean time per level.
                   A        B        C        D        E       F      G
               +--------+--------+--------+--------+--------+-----+--------+
         Total |    709 |    695 |     14 |      0 |    583 |   2 |  354.5 |
       Dungeon |    709 |    695 |     14 |      0 |    583 |   2 |  354.5 |
               +--------+--------+--------+--------+--------+-----+--------+

Top non-repeatable levels by time:
     D:1: 647 daAuts
     D:2: 61 daAuts
